 Dungeon Crawl Stone Soup version 0.31-a0-885-gbe960a18b5 (webtiles) character file.

Game seed: 3750698553826387428

2832 magaron the Cudgeller (level 9, -1/79 HPs)
             Began as a Minotaur Fighter on Oct 16, 2023.
             Was an Elder of Okawaru.
             Slain by an orc knight
             ... wielding a +0 war axe
              (6 damage)
             ... in a bailey.
             The game lasted 00:10:47 (6067 turns).

magaron the Cudgeller (Minotaur Fighter)            Turns: 6067, Time: 00:10:48

Health: -1/79      AC: 18    Str: 31    XL:     9   Next: 45%
Magic:  6/8        EV:  9    Int:  5    God:    Okawaru [****..]
Gold:   1684       SH: 22    Dex: 13    Spells: 8/8 levels left

rFire   + . .        d - +6 hammer of Trauma {freeze, +Blink rC+ Dex+3}
rCold   + . .        B - +0 tower shield
rNeg    . . .        E - +0 plate armour
rPois   +            (helmet restricted)
rElec   .            j - +0 cloak
rCorr   +            i - +0 pair of gloves
SInv    .            (no boots)
Will    .....        v - amulet of Erhoumo {Reflect rF+ rCorr SH+5} Stlth
                     n - +6 ring of strength
HPRegen 0.33/turn    p - ring of poison resistance
MPRegen 0.11/turn

%: reflection
@: mighty, heroic, hasted, very quick
A: horns 2, retaliatory headbutt
a: Renounce Religion, Evoke Blink, Heroism, Finesse


You were in a bailey.
You worshipped Okawaru.
Okawaru was greatly pleased with you.
You visited 2 branches of the dungeon, and saw 8 of its levels.
You also visited: Bailey.

You collected 1684 gold pieces.

Inventory:

Hand Weapons
 a - a +1 war axe
 d - the +6 hammer of Trauma (weapon) {freeze, +Blink rC+ Dex+3}
   (You found it on level 2 of the Dungeon)

   Dex+3:     It affects your dexterity (+3).
   rC+:       It protects you from cold.
   +Blink:    It lets you blink.
Missiles
 g - 11 boomerangs (quivered)
Armour
 i - a +0 pair of gloves (worn)
 j - a +0 cloak (worn)
 r - a scarf of shadows
 B - a +0 tower shield (worn)
 E - a +0 plate armour (worn)
Jewellery
 c - a ring of flight
 n - a +6 ring of strength (left hand)
 p - a ring of poison resistance (right hand)
 u - a ring of willpower
 v - the amulet of Erhoumo (around neck) {Reflect rF+ rCorr SH+5}
   (You acquired it on level 3 of the Dungeon)

   [amulet of reflection]

   Reflect:   It reflects blocked missile attacks.
   rF+:       It protects you from fire.
   rCorr:     It protects you from acid and corrosion.
   SH+5:      It affects your SH (+5).
 w - a +4 ring of protection
 y - a ring of protection from cold
Wands
 o - a wand of flame (19)
Scrolls
 m - a scroll of blinking
 x - 4 scrolls of enchant weapon
 D - 3 scrolls of teleportation
 F - a scroll of fog
 G - a scroll of enchant armour {unknown}
Potions
 e - 3 potions of enlightenment
 f - 2 potions of cancellation
 h - 3 potions of curing
 k - a potion of attraction
 l - a potion of resistance {unknown}
 q - 3 potions of brilliance
 s - 3 potions of mutation
 t - a potion of haste
 z - a potion of invisibility {unknown}
 A - 2 potions of heal wounds
 C - a potion of lignification {unknown}


   Skills:
 + Level 7.0(12.0) Fighting
 - Level 3.6(11.1) Axes
 * Level 7.6(13.0) Maces & Flails
 * Level 6.8(11.8) Throwing
 + Level 7.2(12.2) Armour
 + Level 6.8(11.8) Shields


You had 8 spell levels left.
You didn't know any spells.
Your spell library was empty.

Dungeon Overview and Level Annotations

Branches:
Dungeon (7/15)             Temple (1/1) D:4          Bailey (1/1)

Altars:
Ashenzari
Cheibriados
Elyvilon
Fedhas
Gozag
Kikubaaqudgha
Makhleb
Nemelex Xobeh
Okawaru
Ru
Sif Muna
Uskayaw
Vehumet
Wu Jian
Xom
Yredelemnul
Zin
The Shining One


Innate Abilities, Weirdness & Mutations

You have a pair of horns on your head.
You reflexively headbutt those who attack you in melee.


Message History

Okay, then.
Okay, then.
Throw: 11 boomerangs
Press: ? - help, Q - select action, (/) - cycle Shift-Dir - straight line, f - orc warlord
Aim: an orc warlord, wielding a +5 broad axe and wearing a +0 chain mail (heavily wounded, strong, 69% to hit)
You throw a boomerang.
The boomerang hits the orc warlord but does no damage.
The orc warlord is heavily wounded.
The orc warrior curses to no one in particular.
Okay, then.
You gain the combat prowess of a mighty hero.
You fail to use your ability.
You barely miss the orc warlord.
You headbutt the orc warlord, but do no damage.
The orc warlord is moderately wounded.
You hit the orc warlord but do no damage.
The orc warlord is moderately wounded.
The orc warlord hits you with a +5 broad axe!!
* * * LOW HITPOINT WARNING * * *
Unknown command.
You completely miss the orc warlord. You headbutt the orc warlord.
The orc warlord is heavily wounded.
You feel ready to blink again.
The orc warlord hits you with a +5 broad axe.
* * * LOW HITPOINT WARNING * * *
You block the goblin's attack.
Unknown command.
You closely miss the orc knight.
The orc knight is heavily wounded.
The orc knight hits you with a +0 war axe.
* * * LOW HITPOINT WARNING * * *
The orc warlord barely misses you. You block the goblin's attack.
Unknown command.
You sock the orc warlord! You freeze the orc warlord.
Your headbutt misses the orc warlord.
The orc warlord is heavily wounded.
You block the orc warlord's attack. You block the goblin's attack.
You feel yourself speed up.
The orc knight hits you with a +0 war axe.
You die...

###.#)#.....###. #
###...).###.###...
##.........### ....
#..........8# .....
#.........)8#g.....
#∩....⌠...g)'go....
#....go....8#gg....
#....g..g..8# .....
##..@og))..### ....
###oo)..###.###...
###.#'#.....###.##
###.........###.
#...........#..
#...........#..
#.....⌠....)#..
#..........))..
#..........)#..


You could see an orc warlord (strong), an orc knight (strong), 2 orc warriors, 2
gnolls, a hobgoblin and 2 goblins.

Vanquished Creatures
  An orc knight (Bailey)
  6 orc warriors
  2 ice beasts
  A sky beast (D:6)
  3 ogres
  2 phantoms
  A kobold brigand (D:5)
  A bullfrog (D:6)
  2 scorpions
  3 wights (D:6)
  Crazy Yiuf (D:2)
  A gnoll bouda (D:6)
  2 orc priests (D:6)
  2 hounds
  2 sleepcaps
  4 iguanas
  4 orc wizards
  A mummy (D:5)
  12 gnolls
  6 adders
  A worm (D:2)
  3 dart slugs
  25 orcs
  3 bats
  3 endoplasms
  2 giant cockroaches (D:1)
  14 goblins
  14 hobgoblins
  6 jackals
  5 kobolds
  7 ball pythons
  2 frilled lizards
  5 rats
147 creatures vanquished.

Notes
Turn   | Place    | Note
-------+----------+-------------------------------------------
     0 | D:1      | magaron the Minotaur Fighter began the quest for the Orb.
     0 | D:1      | Reached XP level 1. HP: 19/19 MP: 0/0
    90 | D:1      | Found a faded altar of an unknown god.
   307 | D:1      | Reached XP level 2. HP: 20/27 MP: 1/1
  1221 | D:2      | Reached skill level 1 in Throwing
  1232 | D:2      | Reached XP level 3. HP: 23/33 MP: 2/2
  1509 | D:2      | Found a runed translucent door.
  1510 | D:2      | Noticed Crazy Yiuf
  2057 | D:2      | Killed Crazy Yiuf
  2058 | D:2      | Reached XP level 4. HP: 40/40 MP: 3/3
  2061 | D:2      | Identified the +6 hammer of Trauma {freeze, +Blink rC+
                  | Dex+3}
  2362 | D:3      | Found an ornate altar of the Wu Jian Council.
  2483 | D:3      | Identified 2 scrolls of acquirement
  2483 | D:3      | Acquired the amulet of Erhoumo {Reflect rF+ rCorr SH+5}
  2490 | D:3      | Acquired 1299 gold pieces
  2669 | D:3      | Found a burning altar of Makhleb.
  2750 | D:4      | Reached skill level 1 in Maces & Flails
  2750 | D:4      | Reached XP level 5. HP: 40/47 MP: 4/4
  2941 | D:4      | Found a staircase to the Ecumenical Temple.
  2955 | Temple   | Entered the Ecumenical Temple
  2967 | Temple   | Became a worshipper of Warmaster Okawaru
  2996 | D:4      | Identified the +4 trident of Tartarus {freeze, Int+6}
  3396 | D:5      | Entered Level 5 of the Dungeon
  3531 | D:5      | Reached XP level 6. HP: 53/53 MP: 5/5
  3736 | D:5      | Found a snail-covered altar of Cheibriados.
  3813 | D:5      | Reached * piety under Okawaru
  3814 | D:5      | Reached skill level 5 in Fighting
  3814 | D:5      | Reached skill level 5 in Armour
  3911 | D:5      | Reached XP level 7. HP: 30/61 MP: 6/6
  4050 | D:5      | Reached skill level 5 in Shields
  4720 | D:6      | Reached ** piety under Okawaru
  4765 | D:6      | Reached XP level 8. HP: 66/69 MP: 7/7
  4786 | D:6      | Reached skill level 5 in Maces & Flails
  4972 | D:6      | Reached skill level 5 in Throwing
  5265 | D:6      | Reached *** piety under Okawaru
  5667 | D:7      | Found a flagged portal.
  5667 | D:7      | Identified the +9 rapier "Past" {flame, rPois rN+ Dex-2}
  5696 | Bailey   | Entered a bailey
  5732 | Bailey   | Reached XP level 9. HP: 72/78 MP: 8/8
  5923 | Bailey   | Noticed an orc knight
  5955 | Bailey   | Killed an orc knight
  5955 | Bailey   | Reached **** piety under Okawaru
  6039 | Bailey   | Noticed an orc knight
  6039 | Bailey   | Noticed an orc warlord
  6067 | Bailey   | Slain by an orc knight

Illustrated notes

Levels and vault maps discovered:
D:1:      heliophobic_arrival_dark_side_of_the_moon, layout_basic,
          basic_ecumenical_altar
D:2:      layout_basic, kennysheep_cross_room, uniq_crazy_yiuf_cottage
D:3:      layout_basic, lemuel_doored_altar, overflow_temple_1_default,
          minmay_surrounded
D:4:      layout_rooms, minmay_temple_entry_junction,
          chequers_serial_rivers_room_a, chequers_serial_rivers_room_b
D:5:      layout_basic, slow_altar_1, serial_bayou_crossing
D:6:      layout_basic
D:7:      layout_rooms, trog_butcher_becter, enter_bailey_6, minivault_19
Temple:   nicolae_temple_no_exploring_needed
Bailey:   bailey_axe_minmay_hex_keep, bailey

Skill      XL: |  1  2  3  4  5  6  7  8  9 |
---------------+----------------------------+-----
Axes           | 3 |  3.6
Throwing       | 1 2 3 4 6 |  6.8
Fighting       | 4 5 6 7 |  7.0
Armour         | 4 5 6 7 |  7.2
Shields        | 4 5 6 |  6.8
Maces & Flails | 1 2 3 4 6 7 |  7.6

Action                     |  1- 3 |  4- 6 |  7- 9 || total
---------------------------+-------+-------+-------++-------
  Melee: War axe           |    65 |       |       ||    65
         Headbutt          |     9 |     9 |    41 ||    59
         Mace              |       |    66 |   217 ||   283
  Throw: Boomerang         |       |     4 |     2 ||     6
 Invoke: Heroism           |       |       |     1 ||     1
Ability: Evoke Blink       |       |     2 |     1 ||     3
    Use: Potion            |     1 |       |     3 ||     4
         Scroll            |       |    14 |     4 ||    18
 Armour: Scale mail        |    48 |    41 |     7 ||    96
         Plate armour      |       |       |    85 ||    85
  Dodge: Dodged            |    29 |    16 |    26 ||    71
  Block: Buckler           |    11 |    12 |       ||    23
         Tower shield      |       |    28 |   215 ||   243
         Reflection        |       |     4 |     1 ||     5

Table legend: (Time is in decaauts)
 A = Elapsed time spent in this place.
 B = Non-inter-level travel time spent in this place.
 C = Inter-level travel time spent in this place.
 D = Time resting spent in this place.
 E = Time spent auto-exploring this place.
 F = Levels seen in this place.
 G = Mean time per level.
                   A        B        C        D        E       F      G
               +--------+--------+--------+--------+--------+-----+--------+
         Total |   6176 |   5645 |    531 |     85 |   4444 |   9 |  686.2 |
       Dungeon |   5763 |   5239 |    524 |     85 |   4231 |   7 |  823.3 |
        Temple |     19 |     12 |      7 |      0 |      0 |   1 |   19.0 |
        Bailey |    393 |    393 |      0 |      0 |    213 |   1 |  393.0 |
               +--------+--------+--------+--------+--------+-----+--------+

Top non-repeatable levels by time:
     D:5: 1241 daAuts
     D:1: 1230 daAuts
     D:6: 958 daAuts
     D:2: 913 daAuts
     D:4: 689 daAuts
     D:3: 681 daAuts
  Bailey: 393 daAuts
     D:7: 48 daAuts
  Temple: 19 daAuts
